 Dungeon Sprint DCSS version 0.21-a0-414-gba8bdf1 (webtiles) character file.

187 Kidiri the Insei (level 5, -4/75 HPs)
             Began as a Draconian Transmuter on Nov 2, 2017.
             Slain by an ice beast (9 damage)
             ... in the Dungeon (Sprint IX: "|||||||||||||||||||||||||||||").
             The game lasted 00:00:39 (148 turns).

Kidiri the Insei (Draconian Transmuter)              Turns: 148, Time: 00:00:39

Health: -4/75      AC:  5    Str: 17    XL:     5   Next: 39%
Magic:  6/12       EV: 14    Int: 13    God:
Gold:   0          SH:  0    Dex: 13    Spells: 13/14 levels left

rFire    . . .     SeeInvis .     - Unarmed
rCold    . . .     Gourm    .   (no shield)
rNeg     . . .     Faith    .   (armour unavailable)
rPois    .         Spirit   .   (helmet restricted)
rElec    .         Reflect  .   (no cloak)
rCorr    .         Harm     .   (no gloves)
MR       .....     NoTele   +   (boots currently unavailable)
Stlth    ..........             (no amulet)
HPRegen  0.22/turn              (no ring)
MPRegen  0.13/turn              (no ring)

@: berserking (expiring), appendage (expiring), slowed
A: unfitting armour, talons 3, cold-blooded, AC +5
a: End Transformation


You were in the Dungeon.
You were not hungry.
You had grown temporary talons.
You visited 1 branch

Inventory:

Missiles
 a - 12 arrows
Scrolls
 i - a scroll of blinking
Potions
 d - a potion of curing
 e - a potion of heal wounds
 f - a potion of haste
 g - 2 potions of magic
Books
 b - a book of Changes

   Spells                             Type                      Level
   a - Beastly Appendage              Transmutation                1
   b - Sticks to Snakes               Transmutation                2
   c - Spider Form                    Transmutation/Poison         3
   d - Ice Form                       Ice/Transmutation            4
   e - Blade Hands                    Transmutation                5
Comestibles
 c - a bread ration
 j - 4 chunks of flesh


   Skills:
 * Level 5.7 Fighting
 * Level 5.0 Dodging
 * Level 6.0 Unarmed Combat
 * Level 5.1 Spellcasting
 + Level 4.1 Transmutations


You had 13 spell levels left.
You knew the following spells:

 Your Spells              Type           Power        Failure   Level  Hunger
a - Beastly Appendage     Tmut           ##....       3%          1    None


Dungeon Overview and Level Annotations

Branches:
Dungeon (1/1)

Altars:


Innate Abilities, Weirdness & Mutations

Your plain brown scales are hard. (AC +5)
You cannot fit into any form of body armour.
You are cold-blooded and may be slowed by cold attacks.
You have claws for feet.


Message History

The centaur is moderately wounded.
The orc wizard gestures wildly while chanting.
The orc wizard blinks!
The centaur barely misses you.
You punch the centaur! You claw the centaur.
You kill the centaur!
Your Fighting skill increases to level 5!
Your Dodging skill increases to level 5!
Your Unarmed Combat skill increases to level 6!
Your Spellcasting skill increases to level 5!
Your Transmutations skill increases to level 4!
You have reached level 5!
You punch the ice beast!
The ice beast is moderately wounded.
Your transformation is almost over.
You punch the ice beast! You punch the ice beast.
The ice beast is severely wounded.
The ice beast hits you.
* * * LOW HITPOINT WARNING * * *
The ice beast freezes you!
You feel yourself slow down.
You die...

▓+▓
▓.▓
▓.▓
▓o▓
▓.▓
▓.▓
▓Y▓
▓@▓
▓.▓
▓.▓
▓.▓
▓)▓
▓÷▓
▓.▓
▓.▓
▓.▓


You could see an ice beast and an orc wizard.

Vanquished Creatures
  A centaur (D)
  An ogre (D)
  A worker ant (D)
  A giant cockroach (D)
  A goblin (D)
  A hobgoblin (D)
  A bat (D)
  A rat (D)
8 creatures vanquished.

Notes
Turn   | Place    | Note
-------+----------+-------------------------------------------
     0 | D        | Kidiri the Draconian Transmuter began the quest for the Orb.
     0 | D        | Reached XP level 1. HP: 16/16 MP: 3/3
   138 | D        | Noticed an orc wizard
   138 | D        | Noticed an ice beast
   138 | D        | Noticed a centaur
   138 | D        | Noticed a worker ant
   138 | D        | Noticed an ogre
   142 | D        | Killed an ogre
   142 | D        | Reached skill level 4 in Unarmed Combat
   142 | D        | Reached XP level 2. HP: 3/27 MP: 4/7
   142 | D        | Reached XP level 3. HP: 4/33 MP: 4/8
   142 | D        | Reached XP level 4. HP: 4/40 MP: 5/10
   144 | D        | Reached skill level 5 in Unarmed Combat
   146 | D        | Killed a centaur
   146 | D        | Reached skill level 5 in Fighting
   146 | D        | Reached skill level 5 in Dodging
   146 | D        | Reached skill level 6 in Unarmed Combat
   146 | D        | Reached skill level 5 in Spellcasting
   146 | D        | Reached XP level 5. HP: 6/50 MP: 5/12
   148 | D        | Slain by an ice beast

Vault maps used:
D:        linesprint

Skill      XL: |  1  2  3  4 |
---------------+-------------+-----
Dodging        | 3 5 |  5.0
Fighting       | 4 5 |  5.7
Unarmed Combat | 4 6 |  6.0
Spellcasting   | 4 5 |  5.1
Transmutations | 3 4 |  4.1

Action                   |  1- 3 |  4- 6 || total
-------------------------+-------+-------++-------
Melee: Unarmed           |    19 |     6 ||    25
       Kick              |     3 |     1 ||     4
       Punch             |       |     1 ||     1
 Cast: Beastly Appendage |     2 |       ||     2
  Use: Potion            |     1 |       ||     1
Armor: Skin              |     6 |       ||     6
Dodge: Dodged            |     8 |     2 ||    10

Table legend:
 A = Spawn XP
 B = Non-spawn XP
 C = Spawn XP percentage of total XP
 D = Spawn monster count
 E = Non-spawn monster count
 F = Spawn count percentage of total count
 G = Total turns spent on level
                    A         B        C        D         E        F      G
               +---------+---------+-------+---------+---------+-------+---------
         Total |       0 |     268 |   0.0 |       0 |       8 |   0.0 |   148
               +---------+---------+-------+---------+---------+-------+---------
             D |       0 |     268 |   0.0 |       0 |       8 |   0.0 |   148
               +---------+---------+-------+---------+---------+-------+---------
